 Dungeon Crawl Stone Soup version 0.29.0-4-gdea44cf6ec (webtiles) character file.

Game seed: 14292235487836061233

2 qw the Sneak (level 1, -11/14 HPs)
             Began as a Gargoyle Delver on Sept 10, 2022.
             Mangled by a goblin
             ... wielding a +0 dagger of distortion
              (13 damage)
             ... on level 4 of the Dungeon.
             The game lasted 00:00:01 (58 turns).

qw the Sneak (Gargoyle Delver)                        Turns: 58, Time: 00:00:01

Health: -11/14     AC:  5    Str: 15    XL:     1   Next: 40%
Magic:  1/1        EV: 11    Int: 10    God:
Gold:   0          SH:  0    Dex: 11    Spells: 0/0 levels left

rFire   . . .      SeeInvis .   a - +0 hand axe
rCold   . . .      Faith    .   (no shield)
rNeg    + . .      Spirit   .   b - +0 leather armour
rPois   inf        Reflect  .   (no helmet)
rElec   +          Harm     .   (no cloak)
rCorr   .          Rampage  .   (no gloves)
Will    .....                   (no boots)
Stlth   +++.......              (no amulet)
HPRegen 0.04/turn               (no ring)
MPRegen 0.07/turn               (no ring)

@: no status effects
A: sickness immunity, AC +2, negative energy resistance 1, electricity
resistance, torment resistance 1, petrification resistance
a: no special abilities


You were on level 4 of the Dungeon.
You visited 1 branch of the dungeon, and saw 2 of its levels.


Innate Abilities, Weirdness & Mutations

You are immune to sickness and miasma.
Your stone body is resilient. (AC +2)
You are immune to poison.
You resist negative energy. (rN+)
You are resistant to electric shocks. (rElec)
You are resistant to unholy torment.
You are immune to petrification.


   Skills:
 - Level 3.2 Fighting
 + Level 2.0 Axes
 - Level 1.5 Dodging
 - Level 5.4 Stealth


You couldn't memorise any spells.
You didn't know any spells.
Your spell library was empty.

Inventory:

Hand Weapons
 a - a +0 hand axe (weapon)
 h - a +0 club
Armour
 b - a +0 leather armour (worn)
Wands
 g - a wand of digging (3)
Potions
 f - a potion of haste

Dungeon Overview and Level Annotations

Branches:
Dungeon (5/15)
 Temple: D:4-7

Altars:


Message History

You barely miss the jackal. You hit the jackal. You closely miss the jackal.
The jackal bites you but does no damage.
A goblin comes into view.
It is wielding a +0 dagger of distortion.
The jackal misses you. The jackal closely misses you. x2
You hit the jackal.
You kill the jackal!
You hit the jackal. You hit the jackal but do no damage. You hit the jackal.
The jackal barely misses you.
The jackal bites you but does no damage.
The jackal closely misses you. The jackal misses you.
The jackal bites you but does no damage.
The jackal closely misses you.
You hit the jackal but do no damage.
The jackal is almost dead.
You completely miss the jackal. You hit the jackal.
You kill the jackal!
The jackal bites you. The jackal misses you.
The jackal bites you but does no damage.
The jackal barely misses you.
Your Axes skill increases to level 2!
You closely miss the jackal.
The jackal is almost dead.
You miss the jackal. You barely miss the goblin. The jackal barely misses you.
The jackal bites you but does no damage.
The goblin hits you with a +0 dagger of distortion.
Space warps around you. The jackal barely misses you.
You miss the jackal.
The jackal is almost dead.
You hit the jackal. You closely miss the goblin. The jackal bites you.
The goblin barely misses you. The jackal bites you.
The jackal barely misses you.
You completely miss the jackal.
The jackal is almost dead.
You closely miss the goblin. You hit the jackal. The jackal barely misses you.
The jackal bites you but does no damage.
The goblin hits you but does no damage. Space warps horribly around you!
Ouch! That really hurt!
You die...

#####
##...##
####.....##
.........##
#........##
#.hh......#
#.@...#
#..g....#
#.......#
#..?....#
.......##
##...$.##
##.....
......#


You could see 2 jackals and a goblin.

Vanquished Creatures
  2 jackals (D:4)
2 creatures vanquished.

Notes
Turn   | Place    | Note
-------+----------+-------------------------------------------
     0 | D:5      | qw the Gargoyle Delver began the quest for the Orb.
     0 | D:5      | Reached XP level 1. HP: 14/14 MP: 1/1
     0 | D:5      | 0 ||| qw: Version: 0.1-a-116-g5d60599
     0 | D:5      | 0 ||| qw: Game counter: 9021
     0 | D:5      | 0 ||| qw: Always use a shield: true
     0 | D:5      | 0 ||| qw: God list: Okawaru
     0 | D:5      | 0 ||| qw: Allow faded altars: false
     0 | D:5      | 0 ||| qw: Do Orc after D:15 true
     0 | D:5      | 0 ||| qw: Do second Lair branch before Depths: true
     0 | D:5      | 0 ||| qw: Lair rune preference: random
     0 | D:5      | 0 ||| qw: Plans: Normal
     0 | D:5      | 0 ||| PLANNING D:1-11
    38 | D:5      | 38 ||| DROPPING scroll of fog.
    39 | D:5      | 39 ||| DROPPING scroll of magic mapping.
    40 | D:5      | 40 ||| DROPPING scroll of fear.
    57 | D:4      | HP: 2/14 [jackal (2)]
    58 | D:4      | Mangled by a goblin

Levels and vault maps discovered:
D:4:      layout_rooms, elyvilon_altar_4, minmay_quantized
D:5:      layout_basic, mainiacjoe_overflow_catwalk_spiral,
          gammafunk_ghost_necromancy, lightli_sewer_entry_pipes, uniq_ijyb

Skill      XL: |  1 |
---------------+----+-----
Axes           | 2 |  2.0
Fighting       | |  3.2
Dodging        | |  1.5
Stealth        | |  5.4

Action                   || total
-------------------------++-------
Melee: Hand axe          ||     9
Armor: Leather armour    ||    14
Dodge: Dodged            ||    22

Table legend:
 A = Non-vault XP
 B = Vault XP
 C = Vault XP percentage of total XP
 D = Non-vault monster count
 E = Vault monster count
 F = Vault count percentage of total count
                 A         B        C        D         E       F
            +---------+---------+-------+---------+---------+-------
      Total |       4 |       0 |   0.0 |       2 |       0 |   0.0
            +---------+---------+-------+---------+---------+-------
        D:4 |       4 |       0 |   0.0 |       2 |       0 |   0.0
            +---------+---------+-------+---------+---------+-------
